Map: King's Cove LE

Players

SaTivAs

  • Race: Terran Terran
  • League: Diamond
  • Spawn Location: 5:00

wootwoot - Winner!

  • Race: Terran Terran
  • League: Diamond
  • Spawn Location: 11:00

VOD

Have the link to the VOD?

Description

Time

  • Played on: April 2, 2025, 7:11 p.m.
  • Length: 5:02
Show
View Real Time Build Order
Export as new Build Order

SaTivAs Terran 

Build Orders:  

Get SALT Encoding   

  12  0:00  SCV  
  13  0:12  SCV  
  14  0:19  Supply Depot  
  14  0:25  SCV  
  15  0:28  Refinery  
  15  0:41  SCV  
  16  0:46  Barracks  
  16  0:56  SCV  
  17  1:05  Barracks  
  17  1:09  SCV  
  18  1:22  SCV  
  19  1:35  Supply Depot  
  19  1:39  Reaper  
  20  1:41  Orbital Command  
  20  1:49  Refinery  
  20  1:53  Reaper  
  21  2:11  Reaper  
  22  2:17  SCV  
  23  2:25  Reaper  
  23  2:43  Reaper  
  24  2:50  Factory  
  24  2:53  Command Center  
  24  2:56  SCV  
  25  2:59  Supply Depot  
  25  3:00  Reaper  
  26  3:08  SCV  
  27  3:15  Reaper  
  28  3:21  SCV  
  27  3:55  Reaper x2  
  27  3:57  Hellion  
  22  4:26  Hellion  
  22  4:27  Reaper x2  
  23  4:36  SCV  
  20  4:48  SCV  
Show
View Real Time Build Order
Export as new Build Order

wootwoot Terran - Winner!

Build Orders:  

Get SALT Encoding   

  12  0:00  SCV  
  13  0:12  SCV  
  14  0:21  Supply Depot  
  14  0:24  SCV  
  15  0:33  Refinery  
  15  0:47  Barracks  
  15  0:54  SCV  
  16  1:07  Barracks  
  16  1:22  Barracks  
  16  1:30  Refinery  
  16  1:35  Reaper  
  17  1:54  Reaper  
  18  2:01  Orbital Command  
  18  2:09  Reaper  
  18  2:10  Reaper  
  20  2:26  Reaper  
  21  2:40  SCV  
  20  2:53  Reaper  
  20  2:58  Reaper  
  22  3:03  Reaper  
  23  3:14  SCV  
  23  3:25  Reaper  
  23  3:26  SCV  
  25  3:30  Reaper  
  25  3:35  Reaper  
  25  3:38  SCV  
  25  3:57  Reaper  
  25  3:59  SCV  
  25  4:02  Reaper  
  28  4:07  Reaper  
  28  4:19  SCV  
  28  4:29  Reaper  
  29  4:39  SCV  
Tags
 
Matchup
TvT
Race
Terran
Replay Pack
B2M-Replays
Spawn Locations
Cross Positions
Add a new tag
Caveats
  • Supply blocks, unpowered buildings, or Contaminate may cause inaccurate times.
  • Supply counts are checked every 10 seconds.